 Dungeon Crawl Stone Soup version 0.17.0-24-gcfadda4 (console) character file.

399 gw the Magician (level 6, 0/35 HPs)
             Began as a Deep Elf Fire Elementalist on Nov 18, 2015.
             Slain by Duvessa
             ... wielding a +0 short sword
              (8 damage)
             ... on level 4 of the Dungeon.
             The game lasted 00:03:51 (4066 turns).

gw the Magician (Deep Elf Fire Elementalist)        Turns: 4066, Time: 00:03:51

Health: 0/35       AC:  3    Str:  5    XL:     6   Next: 53%
Magic:  1/15       EV: 13    Int: 22    God:
Gold:   236        SH:  0    Dex: 15    Spells: 4 memorised, 3 levels left

rFire  . . .     SeeInvis .     a - +1 dagger (elec)
rCold  . . .     Clarity  .     j - +0 leather armour
rNeg   . . .     SustAt   .     (no shield)
rPois  .         Gourm    .     (no helmet)
rElec  .         Spirit   .     (no cloak)
rCorr  .         Warding  .     (no gloves)
rMut   .         Stasis   .     (no boots)
MR     .....                    (no amulet)
Stlth  ++........               (no ring)
                                (no ring)

@: very slightly contaminated, not resistant to hostile enchantments, unstealthy
A: no striking features
a: no special abilities


You were on level 4 of the Dungeon.
You were hungry.

You visited 1 branch of the dungeon, and saw 4 of its levels.

You collected 236 gold pieces.

Inventory:

Hand Weapons
 a - a +1 dagger of electrocution (weapon)
Armour
 j - a +0 leather armour (worn)
Scrolls
 f - 2 scrolls of identify
 h - 2 scrolls of noise
 m - a scroll of blinking {unknown}
Potions
 e - a potion of curing
 g - a potion of resistance
Books
 b - a book of Flames

   Spells                             Type                      Level
   a - Flame Tongue                   Conjuration/Fire             1
   b - Throw Flame                    Conjuration/Fire             2
   c - Conjure Flame                  Conjuration/Fire             3
   d - Inner Flame                    Hexes/Fire                   3
   e - Sticky Flame                   Conjuration/Fire             4
   f - Fireball                       Conjuration/Fire             5
 l - a book of Summonings

   Spells                             Type                      Level
   a - Recall                         Summoning/Translocation      3
   b - Aura of Abjuration             Summoning                    5
   c - Shadow Creatures               Summoning                    5
   d - Summon Demon                   Summoning                    5
   e - Summon Forest                  Summoning/Translocation      5
   f - Summon Mana Viper              Hexes/Summoning              5
Comestibles
 c - 4 bread rations
 d - a slice of pizza
 i - a beef jerky
 k - a meat ration
 o - 4 fruits


   Skills:
 + Level 2.0 Fighting
 + Level 2.1 Short Blades
 + Level 4.2 Dodging
 - Level 2.4 Stealth
 + Level 5.1 Spellcasting
 - Level 1.1 Conjurations
 * Level 5.0 Fire Magic


You had 3 spell levels left.
You knew the following spells:

 Your Spells              Type           Power        Failure   Level  Hunger
a - Flame Tongue          Conj/Fire      ###..        6%          1    None
b - Throw Flame           Conj/Fire      ###...       10%         2    None
c - Sticky Flame          Conj/Fire      ###.....     56%         4    ####...
d - Fireball              Conj/Fire      ###.......   97%         5    #####..


Dungeon Overview and Level Annotations

Branches:
Dungeon (4/15)
 Temple: D:4-7

Altars:
Fedhas
Gozag
Makhleb
Trog

Annotations:
D:4 Duvessa


Message History

Duvessa hits you with a short sword. Dowan gestures at you while chanting.
The puff of flame misses you. Duvessa closely misses you.
ATTACK MOVE TO (1,0)
You barely miss Duvessa.
Duvessa is heavily wounded.
Duvessa closely misses you.
ATTACK MOVE TO (0,1)
You hit Dowan but do no damage.
Dowan is almost dead.
Duvessa misses you. Dowan hits you with a dagger.
ATTACK MOVE TO (0,1)
You hit Dowan but do no damage.
There is a sudden explosion of sparks!
You kill Dowan!
Duvessa weeps, then rights herself and shakes her weapon.
Duvessa goes berserk!
Your Fighting skill increases to level 2!
Your Fire Magic skill increases to level 5!
Duvessa misses you. Duvessa hits you with a short sword!
You die...

.............#......#
.............#......#
##...........#......###
.#...........#.........
.'...........'......##
.#.....##....#......#
.#.....##....#.....##
.#.....##....#.....#
.#.##........#..ee.+
.###.........###)###
###...........#...
###..#.##....##....
###..#..#######.....
###..#..# .......
.##..#### ######..
.#..## ... ...##


You could see Duvessa (berserk).

Table legend:
 A = Turns spent in this place as a percentage of turns spent in the entire game.
 B = Non-inter-level travel turns spent in this place as a percentage of non-inter-level travel turns spent in the entire game.
 C = Inter-level travel turns spent in this place as a percentage of turns spent in this place.
 D = Turns resting spent in this place as a percentage of non-inter-level travel turns spent in this place.
 E = Turns spent auto-exploring this place as a percentage of non-inter-level travel turns spent in this place.
 F = Non-inter-level travel turns spent in this place divided by the number of levels of this place that you've seen.
                   A       B       C       D       E      F
               +-------+-------+-------+-------+-------+----------------------
         Total | 100.0 | 100.0 |   0.8 |   3.4 |   3.3 | 1017.5
       Dungeon | 100.0 | 100.0 |   0.8 |   3.4 |   3.3 | 1017.5
               +-------+-------+-------+-------+-------+----------------------

Table legend:
 A = Kills in this place as a percentage of kills in entire the game.
 B = Kills by you in this place as a percentage of kills by you in the entire game.
 C = Kills by friends in this place as a percentage of kills by friends in the entire game.
 D = Other kills in this place as a percentage of other kills in the entire game.
 E = Experience gained in this place as a percentage of experience gained in the entire game.
 F = Experience gained in this place divided by the number of levels of this place that you have seen.
                   A       B       C       D       E      F
               +-------+-------+-------+-------+-------+----------------------
         Total | 100.0 | 100.0 |  -nan |  -nan | 100.0 | 142.5
       Dungeon | 100.0 | 100.0 |  -nan |  -nan | 100.0 | 142.5
               +-------+-------+-------+-------+-------+----------------------

Vanquished Creatures
  An ice beast (D:3)
  A phantom (D:4)
  Dowan (D:4)
  A crimson imp (D:4)
  An orc wizard (D:3)
  A hound skeleton (D:4)
  4 adders
  2 worms (D:3)
  2 giant geckos
  5 orcs (D:3)
  12 bats
  3 hobgoblins (D:2)
  2 jackals (D:2)
  5 kobolds (D:1)
  4 quokkas
  3 giant cockroaches
  4 giant newts
  7 goblins
  9 rats
68 creatures vanquished.

Notes
Turn   | Place    | Note
--------------------------------------------------------------
     0 | D:1      | gw the Deep Elf Fire Elementalist began the quest for the Orb.
     0 | D:1      | Reached XP level 1. HP: 10/10 MP: 6/6
   455 | D:1      | Reached XP level 2. HP: 16/16 MP: 6/8
   477 | D:1      | Learned a level 2 spell: Throw Flame
  1424 | D:2      | Reached XP level 3. HP: 20/20 MP: 3/10
  1866 | D:2      | Found an opulent altar of Gozag.
  1866 | D:2      | Found a bloodstained altar of Trog.
  2130 | D:3      | Reached skill level 4 in Spellcasting
  2134 | D:3      | Reached skill level 1 in Fighting
  2356 | D:3      | Noticed an ice beast
  2360 | D:3      | Reached XP level 4. HP: 25/25 MP: 7/12
  2367 | D:3      | Killed an ice beast
  2367 | D:3      | Reached skill level 1 in Short Blades
  2367 | D:3      | Reached XP level 5. HP: 11/29 MP: 0/13
  2564 | D:3      | Learned a level 4 spell: Sticky Flame
  2570 | D:3      | Learned a level 5 spell: Fireball
  3235 | D:3      | Found a blossoming altar of Fedhas.
  3860 | D:4      | Noticed a phantom
  3876 | D:4      | Killed a phantom
  3876 | D:4      | Reached XP level 6. HP: 25/35 MP: 0/15
  4010 | D:4      | Found a burning altar of Makhleb.
  4020 | D:4      | Reached skill level 5 in Spellcasting
  4044 | D:4      | Noticed Duvessa
  4044 | D:4      | Noticed Dowan
  4066 | D:4      | Killed Dowan
  4066 | D:4      | Reached skill level 5 in Fire Magic
  4066 | D:4      | Slain by Duvessa

Action                   |  1- 3 |  4- 6 || total
-------------------------+-------+-------++-------
Melee: Dagger            |       |    22 ||    22
 Cast: Flame Tongue      |    26 |    37 ||    63
       Throw Flame       |    35 |    38 ||    73
  Use: Scroll            |     6 |     1 ||     7
       Potion            |     3 |     3 ||     6
  Eat: Chunk             |     5 |     2 ||     7
       Bread ration      |       |     1 ||     1

Vault maps used:
D:1:      dpeg_cavernosity
D:2:      gammafunk_temple_overflow_elements, first_bread
D:3:      fedhas_altar_3
D:4:      makhleb_grotto_becter, minmay_temple_entry_hall, serial_shops, shop,
          hangedman_glass_teeth, kennysheep_nondescript, uniq_blork_the_orc,
          uniq_duvessa
